 Dungeon Crawl Stone Soup version 0.23-b1-6-ga921848b48 (webtiles) character file.

Game seed: 14793756343101144515

1927 Ihlosi the Cudgeler (level 9, 0/54 HPs)
             Began as a Kobold Fighter on Feb 2, 2019.
             Succumbed to a water moccasin's poison
             ... on level 6 of the Dungeon.
             The game lasted 00:14:49 (8542 turns).

Ihlosi the Cudgeler (Kobold Fighter)                Turns: 8542, Time: 00:14:49

Health: 0/54       AC: 11    Str: 16    XL:     9   Next: 40%
Magic:  21/21      EV: 13    Int:  7    God:
Gold:   251        SH:  5    Dex: 13    Spells: 8/8 levels left

rFire    . . .     SeeInvis +   a - +0 morningstar
rCold    . . .     Gourm    .   h - +0 buckler
rNeg     + . .     Faith    .   o - +2 scale mail "Xiosch" {rN+ rCorr Stlth+}
rPois    .         Spirit   .   (no helmet)
rElec    +         Reflect  .   (no cloak)
rCorr    +         Harm     .   (no gloves)
MR       .....     Clarity  +   (no boots)
Stlth    +.........             (no amulet)
HPRegen  0.18/turn              r - ring of magical power
MPRegen  0.17/turn              s - ring of see invisible

@: lethally poisoned (0 -> -7), very slightly contaminated, lightly drained
A: small, yellow scales 1, carnivore, clarity, clumsy 1, dopey 1, electricity
resistance
a: no special abilities


You were on level 6 of the Dungeon.
You were very full.

You visited 2 branches of the dungeon, and saw 7 of its levels.

You collected 251 gold pieces.

Inventory:

Hand Weapons
 a - a +0 morningstar (weapon)
 d - a +1 flail
 p - a +0 flail of crushing
Missiles
 m - 22 bolts
 t - 30 poisoned needles
Armour
 h - a +0 buckler (worn)
 i - a +1 leather armour of fire resistance
 o - the +2 scale mail "Xiosch" (worn) {rN+ rCorr Stlth+}
   (You found it on level 5 of the Dungeon)

   It protects you from negative energy.
   It provides partial protection from all sources of acid and corrosion.
   It makes you more stealthy.
Jewellery
 n - an uncursed ring of resist corrosion
 r - a ring of magical power (left hand)
 s - a ring of see invisible (right hand)
Wands
 j - a wand of flame (17)
Scrolls
 c - 4 scrolls of remove curse
 e - 2 scrolls of teleportation
Potions
 b - a potion of magic
 g - 2 potions of flight
 k - 2 potions of cancellation
Comestibles
 f - 13 rations


   Skills:
 * Level 5.5(5.3) Fighting
 * Level 7.0(6.8) Maces & Flails
 * Level 4.6(4.3) Armour
 * Level 4.1(3.8) Dodging
 * Level 3.9(3.6) Shields
 * Level 4.1(3.8) Evocations


You had 8 spell levels left.
You didn't know any spells.
Your spell library was empty.

Dungeon Overview and Level Annotations

Branches:
Dungeon (6/15)             Temple (1/1) D:5

Altars:
Dithmenos
Elyvilon
Fedhas
Gozag
Kikubaaqudgha
Makhleb
Nemelex Xobeh
Okawaru
Qazlal
Ru
Uskayaw
Vehumet
Wu Jian
Xom
Yredelemnul

Shops:
D:4 (

Annotations:
D:3 3 runed translucent doors, FinalFate's ghost, weakling DECj


Innate Abilities, Weirdness & Mutations

You are small and have problems with some larger weapons.
You are carnivorous and can eat meat at any time.
You are partially covered in yellow scales. (AC +2)
You possess an exceptional clarity of mind.
You are clumsy. (Dex -2)
You are dopey. (Int -2)
You are resistant to electric shocks. (rElec)


Message History

Really quaff the potion of mutation?
You feel extremely strange.
You feel healthier.
Your magical essence is no longer linked to your wands.
You feel insulated.
You feel clumsy.
Yellow scales grow over part of your body.
* * * LOW HITPOINT WARNING * * *
You feel sick.
Okay, then.
Okay, then.
There is a lethal amount of poison in your body!
* * * LOW HITPOINT WARNING * * *
You feel sick.
* * * LOW HITPOINT WARNING * * *
You feel sick.
* * * LOW HITPOINT WARNING * * *
You feel sick.
* * * LOW HITPOINT WARNING * * *
You feel sick.
You die...

#......).# #.....
#....###.#####.##.#
##.#.....##.##.##.#
#.#.........#.##.#
#.#.######.##.##.#
#.#.# #.##.##.#
#.#.# #.##.##)#
#.#. #.##.##.# #@#
#.##.# #.#
#.##.##.# #.#
#.##.##.# #..
#.......# #.#
####.##.# #.#
#.##.# #.# #.##.#
#.# #.####.##.#
#......##.#


There were no monsters in sight!

Vanquished Creatures
  An ice beast (D:6)
  A sky beast (D:6)
  2 ogres
  A phantom (D:4)
  A bullfrog (D:6)
  Blork the orc (D:4)
  A scorpion (D:6)
  3 wights (D:6)
  A howler monkey (D:6)
  5 crimson imps
  A centaur zombie (D:6)
  4 hounds
  5 orc priests
  2 bullfrog skeletons
  4 orc wizards
  9 worker ants
  A hound skeleton (D:6)
  8 adders
  6 gnolls (D:5)
  A howler monkey skeleton (D:5)
  A shadow imp (D:5)
  An ooze (D:4)
  3 worms
  A dart slug (D:1)
  2 leopard geckos (D:4)
  19 orcs
  8 bats
  4 giant cockroaches
  10 goblins
  5 hobgoblins
  2 jackals (D:5)
  7 kobolds
  A quokka (D:6)
  3 ball pythons
  2 frilled lizards
  A jackal skeleton (D:5)
  A quokka skeleton (D:6)
  A quokka zombie (D:6)
  4 rats
134 creatures vanquished.

Vanquished Creatures (others)
  An orc wizard (D:6)
1 creature vanquished.

Grand Total: 135 creatures vanquished

Notes
Turn   | Place    | Note
-------+----------+-------------------------------------------
     0 | D:1      | Ihlosi the Kobold Fighter began the quest for the Orb.
     0 | D:1      | Reached XP level 1. HP: 14/14 MP: 1/1
   272 | D:1      | Reached XP level 2. HP: 15/19 MP: 2/2
   687 | D:1      | Reached skill level 2 in Maces & Flails
  1034 | D:1      | Reached XP level 3. HP: 23/23 MP: 3/3
  1110 | D:2      | Found an ornate altar of the Wu Jian Council.
  1428 | D:2      | Reached skill level 1 in Dodging
  1642 | D:2      | Reached XP level 4. HP: 27/28 MP: 4/4
  1771 | D:2      | Found a stormy altar of Qazlal.
  1944 | D:2      | Found a faded altar of an unknown god.
  2005 | D:2      | Found a white marble altar of Elyvilon.
  2594 | D:3      | Noticed FinalFate's ghost (weakling DECj)
  2602 | D:3      | Found a runed translucent gate.
  2602 | D:3      | Found a runed translucent gate.
  2604 | D:3      | Found a runed translucent gate.
  2994 | D:4      | Noticed Blork the orc
  3009 | D:4      | Killed Blork the orc
  3009 | D:4      | Reached skill level 3 in Maces & Flails
  3009 | D:4      | Reached skill level 1 in Evocations
  3009 | D:4      | Reached XP level 5. HP: 25/33 MP: 5/5
  3090 | D:4      | Reached XP level 6. HP: 25/38 MP: 7/7
  3319 | D:4      | Noticed a phantom
  3727 | D:3      | Reached skill level 4 in Maces & Flails
  4078 | D:4      | Reached XP level 7. HP: 32/43 MP: 8/8
  4394 | D:4      | Found a burning altar of Makhleb.
  4488 | D:4      | Found Zawaman's Weapon Shoppe.
  4983 | D:4      | Gained mutation: You are dopey. (Int -2) [potion of
                  | mutation]
  4983 | D:4      | Gained mutation: You possess an exceptional clarity of
                  | mind. [potion of mutation]
  4983 | D:4      | Gained mutation: Your body sometimes deteriorates upon
                  | taking damage. [potion of mutation]
  4983 | D:4      | Gained mutation: You expend magic power (3 MP) to
                  | strengthen your wands. [potion of mutation]
  5321 | D:4      | Found a sacrificial altar of Ru.
  5461 | D:4      | Reached XP level 8. HP: 22/48 MP: 9/9
  5494 | D:4      | Found an iron altar of Okawaru.
  5719 | D:5      | Entered Level 5 of the Dungeon
  5774 | D:5      | Reached skill level 5 in Maces & Flails
  6145 | D:5      | Found a staircase to the Ecumenical Temple.
  6267 | D:5      | HP: 3/72 [poisoned by a worker ant]
  6274 | D:5      | HP: 3/72 [poisoned by a worker ant]
  6282 | D:5      | HP: 1/48 [poisoned by a worker ant]
  6687 | D:5      | Got a pitted scale mail
  6788 | D:5      | Identified the +2 scale mail "Xiosch" {rN+ rCorr Stlth+}
                  | (You found it on level 5 of the Dungeon)
  7110 | Temple   | Entered the Ecumenical Temple
  7442 | D:6      | Reached skill level 6 in Maces & Flails
  7445 | D:6      | Reached skill level 5 in Fighting
  7599 | D:6      | Found a sparkling altar of Nemelex Xobeh.
  7657 | D:6      | Reached XP level 9. HP: 17/54 MP: 11/11
  8410 | D:6      | Reached skill level 7 in Maces & Flails
  8537 | D:6      | Lost mutation: Your body sometimes deteriorates upon taking
                  | damage. [potion of mutation]
  8537 | D:6      | Lost mutation: You expend magic power (3 MP) to strengthen
                  | your wands. [potion of mutation]
  8537 | D:6      | Gained mutation: You are resistant to electric shocks.
                  | (rElec) [potion of mutation]
  8537 | D:6      | Gained mutation: You are clumsy. (Dex -2) [potion of
                  | mutation]
  8537 | D:6      | Gained mutation: You are partially covered in yellow
                  | scales. (AC +2) [potion of mutation]
  8540 | D:6      | HP: 2/54 [poisoned by a water moccasin]
  8542 | D:6      | Succumbed to a water moccasin's poison

Skill      XL: |  1  2  3  4  5  6  7  8  9 |
---------------+----------------------------+-----
Maces & Flails | 2 3 4 6 7 |  7.0
Dodging        | 1 2 3 4 |  4.1
Armour         | 3 4 |  4.6
Evocations     | 1 2 3 4 |  4.1
Shields        | 3 |  3.9
Fighting       | 4 5 |  5.5

Action                   |  1- 3 |  4- 6 |  7- 9 || total
-------------------------+-------+-------+-------++-------
Melee: Flail             |   121 |   121 |   143 ||   385
       Morningstar       |       |       |   242 ||   242
Evoke: Wand              |       |       |     5 ||     5
  Use: Potion            |       |     1 |     7 ||     8
       Scroll            |       |       |    13 ||    13
  Eat: Chunk             |    11 |     6 |    14 ||    31
Armor: Scale mail        |    67 |    48 |   102 ||   217
Dodge: Dodged            |    52 |    59 |   171 ||   282
Block: Shield            |    20 |       |       ||    20
       Buckler           |    22 |    44 |    86 ||   152
